 Dungeon Crawl Stone Soup version 0.21.1-1-g345015f (webtiles) character file.

345 relionnb the Shield-Bearer (level 6, -8/61 HPs)
             Began as a Troll Fighter on Mar 7, 2018.
             Was a Follower of Okawaru.
             Mangled by relionnb's ghost (10 damage)
             ... on level 4 of the Dungeon.
             The game lasted 00:22:52 (3875 turns).

relionnb the Shield-Bearer (Troll Fighter)          Turns: 3875, Time: 00:22:53

Health: -8/61      AC:  5    Str: 24 (27) XL:     6   Next: 32%
Magic:  5/5        EV:  8    Int:  1 (4)  God:    Okawaru [*.....]
Gold:   184        SH:  9    Dex:  7 (9)  Spells: 5/5 levels left

rFire    . . .     SeeInvis .   a - +1 war axe
rCold    . . .     Gourm    +   c - +0 shield
rNeg     . . .     Faith    .   r - +0 robe
rPois    .         Spirit   .   (helmet restricted)
rElec    .         Reflect  .   (no cloak)
rCorr    .         Harm     .   (gloves unavailable)
MR       .....                  (boots unavailable)
Stlth    +.........             (no amulet)
HPRegen  0.60/turn              (no ring)
MPRegen  0.09/turn              (no ring)

@: no status effects
A: large, unfitting armour, claws 3, fast metabolism 3, gourmand, regeneration
1, shaggy fur 1, tough skin 2
a: Heroism, Renounce Religion


You were on level 4 of the Dungeon.
You worshipped Okawaru.
Okawaru was aware of your devotion.
You were not hungry.

You visited 1 branch of the dungeon, and saw 4 of its levels.

You collected 184 gold pieces.

Inventory:

Hand Weapons
 a - a +1 war axe (weapon)
 g - a +0 mace
 u - a +0 blowgun
 y - a cursed -1 blowgun
 z - a +0 dagger
 F - a +0 trident
 I - a +0 long sword
Missiles
 d - 5 large rocks (quivered)
 h - 104 stones
 j - 32 sling bullets
 l - 2 javelins
 p - 48 arrows
 v - 20 poisoned needles
 A - 30 bolts
Armour
 b - a +0 robe
 c - a +0 shield (worn)
 r - a +0 robe (worn)
 t - a +1 pair of gloves
 w - a +0 hat
 K - a +0 robe
Jewellery
 m - an uncursed ring of stealth {unknown}
 q - a +3 ring of strength {unknown}
 H - an uncursed ring of protection from cold {unknown}
Wands
 x - a wand of iceblast (6)
 L - a wand of acid (9)
Scrolls
 e - a scroll of identify
 i - a scroll of fog
 k - 2 scrolls of remove curse
 s - a scroll of enchant weapon
 B - a scroll of amnesia
 C - a scroll of immolation
Comestibles
 f - 5 rations


   Skills:
 + Level 3.0 Fighting
 + Level 3.6 Axes
 + Level 0.1 Throwing
 + Level 3.5 Dodging
 + Level 0.2 Stealth
 + Level 3.6 Shields


You had 5 spell levels left.
You didn't know any spells.

Dungeon Overview and Level Annotations

Branches:
Dungeon (4/15)
 Temple: D:4-7

Altars:
Kikubaaqudgha
Okawaru
Wu Jian
Yredelemnul

Annotations:
D:4 relionnb's ghost, amateur FoFi


Innate Abilities, Weirdness & Mutations

You are too large for most types of armour.
You have claws for hands.
Your metabolism is lightning-fast.
You like to eat raw meat.
Your natural rate of healing is unusually fast.
You are covered in fur. (AC +1)
You have very tough skin. (AC +2)


Message History

You hit relionnb's ghost.
Relionnb's ghost is severely damaged.
Relionnb's ghost closely misses you. Relionnb's ghost hits you!
* * * LOW HITPOINT WARNING * * *
You slash relionnb's ghost!
Relionnb's ghost is severely damaged.
You block relionnb's ghost's attack.
You completely miss relionnb's ghost.
Relionnb's ghost is severely damaged.
You block relionnb's ghost's attack. Relionnb's ghost hits you.
* * * LOW HITPOINT WARNING * * *
You slash relionnb's ghost!
Relionnb's ghost is almost destroyed.
Relionnb's ghost hits you!
* * * LOW HITPOINT WARNING * * *
You hit relionnb's ghost.
Relionnb's ghost is almost destroyed.
Relionnb's ghost stares at you. Relionnb's ghost hits you!
You die...

# #..#####.###...##.########
##...........####.#
##########<####..#####...#
...........####..#.....#.########
.###########.##..#.#####.........
...........#.....#.#####..#######
...#######.......#.....#.##
......# ###.....#####.#.## #
....).####......@W..##....# #####
...........#######..###.#.###....
......############..##..#.#...###
......# ####...........#.#.#.#
......# ##....#.#.#.#...#.#.#.#
......# #.............#.#...#.#
......# #######)#.#.#...#####.#
####### #...............#
#.#.#.#..########


You could see relionnb's ghost.

Vanquished Creatures
  A phantom (D:4)
  2 howler monkeys
  2 orc priests (D:4)
  Ijyb (D:3)
  4 adders
  2 oozes
  A worm (D:2)
  A leopard gecko (D:1)
  2 orcs (D:4)
  4 giant cockroaches
  3 goblins (D:1)
  7 hobgoblins
  4 jackals (D:1)
  9 kobolds
  13 bats
  2 frilled lizards
  5 rats
63 creatures vanquished.

Notes
Turn   | Place    | Note
-------+----------+-------------------------------------------
     0 | D:1      | relionnb the Troll Fighter began the quest for the Orb.
     0 | D:1      | Reached XP level 1. HP: 22/22 MP: 0/0
   230 | D:1      | Reached XP level 2. HP: 28/29 MP: 1/1
   601 | D:1      | Reached XP level 3. HP: 30/36 MP: 2/2
  1051 | D:2      | Found a faded altar of an unknown god.
  1051 | D:2      | Found an ancient bone altar of Kikubaaqudgha.
  1061 | D:2      | Found a basalt altar of Yredelemnul.
  1068 | D:2      | Found an ornate altar of the Wu Jian Council.
  1070 | D:2      | Found a faded altar of an unknown god.
  1246 | D:2      | Found an iron altar of Okawaru.
  1259 | D:2      | Became a worshipper of Warmaster Okawaru
  1325 | D:2      | Reached XP level 4. HP: 41/44 MP: 3/3
  1756 | D:2      | You fall through a shaft!
  2119 | D:3      | Noticed Ijyb
  2132 | D:3      | Killed Ijyb
  2132 | D:3      | Reached XP level 5. HP: 49/52 MP: 4/4
  3433 | D:4      | Noticed a phantom
  3461 | D:4      | Killed a phantom
  3461 | D:4      | Reached * piety under Okawaru
  3461 | D:4      | Reached XP level 6. HP: 54/61 MP: 5/5
  3840 | D:4      | Noticed relionnb's ghost (amateur FoFi)
  3874 | D:4      | HP: 2/61 [relionnb's ghost (11)]
  3875 | D:4      | Mangled by relionnb's ghost

Skill      XL: |  1  2  3  4  5 |
---------------+----------------+-----
Axes           | 2 3 |  3.6
Shields        | 3 |  3.6
Dodging        | 3 |  3.5
Fighting       | 3 |  3.0
Throwing       | |  0.1
Stealth        | |  0.2

Action                   |  1- 3 |  4- 6 || total
-------------------------+-------+-------++-------
Melee: War axe           |   164 |   151 ||   315
Throw: Large rock        |       |     4 ||     4
       Stone             |       |     2 ||     2
Invok: Heroism           |       |     1 ||     1
  Use: Potion            |       |     9 ||     9
       Scroll            |       |     8 ||     8
  Eat: Chunk             |    19 |    14 ||    33
       Ration            |       |     1 ||     1
Armor: Robe              |    96 |    43 ||   139
Dodge: Dodged            |    74 |    40 ||   114
Block: Shield            |   107 |    90 ||   197
